 Dungeon Crawl Stone Soup version 0.26.1-11-gd32895ea62 (webtiles) character file.

Game seed: 8979576505462966136

67 Jawa73 the Skirmisher (level 3, -2/28 (29) HPs)
             Began as a Demonspawn Abyssal Knight on July 26, 2021.
             Was a Believer of Lugonu.
             Slain by Crazy Yiuf
             ... wielding a +2 quarterstaff of chaos
              (5 damage)
             ... on level 2 of the Dungeon.
             The game lasted 00:05:34 (1953 turns).

Jawa73 the Skirmisher (Demonspawn Abyssal Knight)   Turns: 1953, Time: 00:05:35

HP:   -2/28 (29)    AC:  4    Str: 13    XL:     3   Next: 98%
MP:   13/13         EV: 11    Int: 15    God:    Lugonu [**....]
Gold: 163           SH:  0    Dex: 12    Spells: 2/2 levels left

rFire    + . .     SeeInvis .   a - +1 falchion
rCold    . . .     Faith    .   (no shield)
rNeg     . . .     Spirit   .   b - +0 leather armour
rPois    .         Reflect  .   (no helmet)
rElec    .         Harm     .   k - +0 cloak
rCorr    .         Rampage  .   (no gloves)
Will     .....                  (no boots)
Stlth    +.........             g - amulet of regeneration
HPRegen  0.49/turn              d - ring of magical power
MPRegen  0.13/turn              h - ring of protection from fire

@: lethally poisoned (-2 -> -2), very slightly contaminated, lightly drained,
invisible
A: powered by death 1, big brain 1
a: Renounce Religion, Depart the Abyss, Bend Space


You were on level 2 of the Dungeon.
You worshipped Lugonu.
Lugonu was pleased with you.
You visited 1 branch of the dungeon, and saw 2 of its levels.
You visited the Abyss 1 time.

You collected 163 gold pieces.

Inventory:

Hand Weapons
 a - a +1 falchion (weapon)
Armour
 b - a +0 leather armour (worn)
 k - a +0 cloak (worn)
Jewellery
 d - a ring of magical power (left hand)
 g - an amulet of regeneration (around neck)
 h - a ring of protection from fire (right hand)
Potions
 c - a potion of lignification
 e - 2 potions of berserk rage
 f - a potion of haste
 j - a potion of heal wounds
 l - a potion of might {unknown}


   Skills:
 * Level 3.4 Fighting
 * Level 3.0 Long Blades
 * Level 2.4 Armour
 - Level 0.8 Dodging
 * Level 2.6 Invocations


You had 2 spell levels left.
You didn't know any spells.
Your spell library was empty.

Dungeon Overview and Level Annotations

Branches:
Dungeon (2/15)

Altars:
Fedhas
Ru
Yredelemnul

Annotations:
D:2 Crazy Yiuf


Innate Abilities, Weirdness & Mutations

You regenerate a little health from kills.
You have an unusually large brain. (Int +2)


Message History

Crazy Yiuf hits you with a +2 quarterstaff of chaos!
You feel drained.
You hit Crazy Yiuf.
Crazy Yiuf is moderately wounded.
You feel sick.
Crazy Yiuf hits you with a +2 quarterstaff of chaos.
You fade into invisibility!
You are very lightly contaminated with residual magic.
You hit Crazy Yiuf.
Crazy Yiuf is heavily wounded.
You feel sick. Crazy Yiuf misses you. Crazy Yiuf closely misses you.
You slash Crazy Yiuf!
Crazy Yiuf is almost dead.
Crazy Yiuf hits you with a +2 quarterstaff of chaos!
* * * LOW HITPOINT WARNING * * *
You barely miss Crazy Yiuf.
Crazy Yiuf is almost dead.
You feel sick.
Crazy Yiuf hits you with a +2 quarterstaff of chaos.
You die...

#....####.#
#....# #.#
♣....♣ #.#
♣)..♣♣ #.#
♣♣)♣♣ #.#
♣)♣♣ #.#
♣♣)♣ #.#
♣)♣♣ #.#
♣♣@♣ #.# #g#
#.##########
)))
#(..........
#)))#
###########.
#).)# #.....
##### #....#
##..##
########...#
#.......#..#


You could see Crazy Yiuf.

Vanquished Creatures
  2 adders (D:2)
  A shadow imp (D:2)
  3 worms (D:2)
  A bat (D:1)
  4 goblins
  6 hobgoblins
  A quokka (D:2)
  A ball python (D:2)
  4 frilled lizards
  6 kobolds
  5 rats
34 creatures vanquished.

Notes
Turn   | Place    | Note
-------+----------+-------------------------------------------
     0 | Abyss:1  | Jawa73 the Demonspawn Abyssal Knight began the quest for
                  | the Orb.
     0 | Abyss:1  | Reached XP level 1. HP: 18/18 MP: 2/2
    53 | D:1      | Escaped the Abyss
   445 | D:1      | Reached * piety under Lugonu
   704 | D:1      | Gained mutation: You have an unusually large brain. (Int
                  | +2) [demonic ancestry]
   704 | D:1      | Reached XP level 2. HP: 18/24 MP: 3/3
  1428 | D:2      | Gained mutation: You regenerate a little health from kills.
                  | [demonic ancestry]
  1428 | D:2      | Reached XP level 3. HP: 21/29 MP: 4/4
  1600 | D:2      | Found a basalt altar of Yredelemnul.
  1713 | D:2      | Found a blossoming altar of Fedhas.
  1768 | D:2      | Found a sacrificial altar of Ru.
  1847 | D:2      | Reached ** piety under Lugonu
  1943 | D:2      | Found a runed translucent door.
  1944 | D:2      | Noticed Crazy Yiuf
  1953 | D:2      | Slain by Crazy Yiuf

Illustrated notes

Levels and vault maps discovered:
D:1:      dpeg_arrival_fog, layout_basic, minivault_26
D:2:      layout_rooms, nicolae_ru_the_path_less_chosen,
          overflow_temple_1_default, lemuel_crystal_altar,
          uniq_crazy_yiuf_cottage

Skill      XL: |  1  2  3 |
---------------+----------+-----
Long Blades    | 2 3 |  3.0
Armour         | 2 |  2.4
Fighting       | |  3.4
Dodging        | |  0.8
Invocations    | |  2.6

Action                   || total
-------------------------++-------
Melee: Falchion          ||   109
Invok: Depart the Abyss  ||     1
  Use: Scroll            ||     6
Armor: Leather armour    ||    37
Dodge: Dodged            ||    70
       Rpst.: Falchion   ||    22
